[ AOE2 MATCH · #505883411 ]
UnrankedBurmese vs Turks
Player's team · LOSS
Rival team · WIN
[ REPLAY ANALYSIS · EXTRACTED FROM THE RECORDED GAME ]
Feudal
11:22
Castle
22:03
Imperial
37:55
| APM avg | 30.8 |
| APM peak | 46 |
| eAPM avg | 18.9 |
| Villagers / military | 80 / 38 |
Focus
⚔️ 36.5% · 🌾 63.5%
Archer ×21 · Monk ×9 · Fishing Ship ×7 · Mangonel ×4 · Militia ×2 · Skirmisher ×1
Feudal
12:01
Castle
17:25
Imperial
37:02
| APM avg | 40.4 |
| APM peak | 74 |
| eAPM avg | 24.1 |
| Villagers / military | 89 / 41 |
Focus
⚔️ 30.6% · 🌾 69.4%
Janissary ×18 · Mangonel ×7 · Fishing Ship ×5 · Scout Cavalry ×4 · Scorpion ×3 · Battering Ram ×3
Match map
Initial resources + every placement click. Lines = walls · curves = elevation contours. ◆ gold · ⬟ stone · ● berries · ✦ relic · ◌ wall gap
Your base· ✓ Closed at 22:03 · 14t walls · no gate
Hera Da Gama's base· ✓ Closed at 17:25 · 15t walls · no gate
Smoothed initial terrain · ◌ = detected wall gap · hover for details
Inputs per minute
— UpsideDownCumbrian - - Hera Da Gama
Build order — UpsideDownCumbrian
First 150 of 257 actions detected
| 0:00 | Queue | Villager (Male) |
| 0:01 | Build | House |
| 0:02 | Build | House |
| 0:21 | Queue | Villager (Male) |
| 0:22 | Research | Loom |
| 0:32 | Queue | Villager (Male) |
| 0:51 | Queue | Villager (Male) |
| 1:31 | Build | Palisade Wall |
| 1:53 | Queue | Villager (Male) |
| 2:10 | Build | Lumber Camp |
| 2:28 | Queue | Villager (Male) |
| 2:57 | Queue | Villager (Male) |
| 3:16 | Queue | Villager (Male) |
| 3:46 | Queue | Villager (Male) |
| 4:07 | Queue | Villager (Male) |
| 4:32 | Queue | Villager (Male) |
| 5:03 | Queue | Villager (Male) |
| 5:08 | Build | House |
| 5:11 | Queue | Villager (Male) |
| 5:38 | Build | Dock |
| 5:48 | Queue | Villager (Male) |
| 5:57 | Build | House |
| 6:11 | Queue | Villager (Male) |
| 6:25 | Queue | Fishing Ship |
| 6:27 | Queue | Villager (Male) |
| 6:43 | Build | House |
| 6:46 | Queue | Villager (Male) |
| 7:16 | Queue | Fishing Ship |
| 7:22 | Queue | Villager (Male) |
| 7:44 | Queue | Villager (Male) |
| 8:09 | Queue | Fishing Ship |
| 8:15 | Queue | Villager (Male) |
| 8:29 | Build | Palisade Wall |
| 8:34 | Build | Palisade Wall |
| 8:47 | Queue | Villager (Male) |
| 9:06 | Research | Feudal Age |
| 9:44 | Queue | Fishing Ship |
| 9:53 | Build | House |
| 9:59 | Queue | Villager (Male) |
| 10:27 | Build | Barracks |
| 10:31 | Queue | Villager (Male) |
| 11:22 | Age | Feudal Age |
| 11:26 | Build | Watch Tower |
| 11:35 | Queue | Militia |
| 11:35 | Queue | Militia |
| 11:39 | Queue | Villager (Male) |
| 11:47 | Build | Mill |
| 12:24 | Build | Archery Range |
| 12:31 | Queue | Villager (Male) |
| 12:58 | Queue | Villager (Male) |
| 13:01 | Build | House |
| 13:10 | Queue | Skirmisher |
| 13:12 | Build | House |
| 13:13 | Build | House |
| 13:21 | Build | Mining Camp |
| 13:32 | Queue | Villager (Male) |
| 13:34 | Build | Mining Camp |
| 13:37 | Queue | Villager (Male) |
| 13:52 | Build | House |
| 13:59 | Queue | Villager (Male) |
| 14:09 | Queue | Villager (Male) |
| 14:25 | Build | Farm |
| 14:40 | Queue | Villager (Male) |
| 14:45 | Build | Watch Tower |
| 14:48 | Build | Dock |
| 14:53 | Queue | Archer |
| 14:54 | Queue | Archer |
| 14:57 | Queue | Villager (Male) |
| 15:15 | Queue | Villager (Male) |
| 15:20 | Build | Fish Trap |
| 15:45 | Queue | Archer |
| 16:16 | Queue | Fire Galley |
| 16:25 | Queue | Archer |
| 16:28 | Build | Fish Trap |
| 16:32 | Queue | Villager (Male) |
| 16:56 | Build | Watch Tower |
| 17:01 | Build | Blacksmith |
| 17:01 | Queue | Villager (Male) |
| 17:05 | Queue | Villager (Male) |
| 17:08 | Queue | Villager (Male) |
| 17:20 | Build | Watch Tower |
| 17:51 | Research | Fletching |
| 17:51 | Queue | Villager (Male) |
| 17:54 | Build | Fish Trap |
| 17:59 | Build | Farm |
| 17:59 | Build | Farm |
| 18:33 | Queue | Villager (Male) |
| 18:39 | Queue | Villager (Male) |
| 18:40 | Build | Farm |
| 18:42 | Build | Farm |
| 18:50 | Build | Lumber Camp |
| 19:02 | Build | Watch Tower |
| 19:03 | Build | Stone Wall |
| 19:04 | Build | Stone Wall |
| 19:05 | Build | Stone Wall |
| 19:05 | Build | Stone Wall |
| 19:05 | Build | Stone Wall |
| 19:06 | Build | Stone Wall |
| 19:13 | Queue | Villager (Male) |
| 19:15 | Build | Farm |
| 19:23 | Research | Castle Age |
| 19:29 | Queue | Villager (Male) |
| 19:39 | Build | House |
| 19:41 | Build | Farm |
| 19:43 | Build | Fish Trap |
| 20:16 | Build | Watch Tower |
| 20:19 | Queue | Villager (Male) |
| 20:23 | Build | Farm |
| 20:25 | Build | Farm |
| 20:26 | Queue | Fishing Ship |
| 20:34 | Research | Stone Mining |
| 20:58 | Build | Watch Tower |
| 21:04 | Queue | Archer |
| 21:05 | Queue | Archer |
| 21:07 | Queue | Villager (Male) |
| 21:12 | Queue | Villager (Male) |
| 21:19 | Build | Fish Trap |
| 21:21 | Queue | Fishing Ship |
| 21:50 | Build | Watch Tower |
| 21:53 | Queue | Villager (Male) |
| 22:03 | Build | Barracks |
| 22:03 | Age | Castle Age |
| 22:06 | Research | Bodkin Arrow |
| 22:08 | Build | House |
| 22:16 | Build | Fish Trap |
| 22:20 | Build | University |
| 22:23 | Queue | Villager (Male) |
| 22:30 | Build | Siege Workshop |
| 23:03 | Queue | Archer |
| 23:37 | Queue | Villager (Male) |
| 23:41 | Queue | Mangonel |
| 23:44 | Build | Watch Tower |
| 23:47 | Research | Guard Tower (upgrade) |
| 23:49 | Queue | Villager (Male) |
| 23:52 | Build | Stone Wall |
| 24:19 | Build | Stone Wall |
| 24:23 | Queue | Villager (Male) |
| 24:57 | Build | Watch Tower |
| 24:57 | Build | Stone Wall |
| 24:58 | Build | Stone Wall |
| 24:58 | Build | Stone Wall |
| 24:59 | Build | Stone Wall |
| 25:00 | Build | Stone Wall |
| 25:00 | Build | Stone Wall |
| 25:00 | Build | Stone Wall |
| 25:01 | Build | Stone Wall |
| 25:06 | Build | Watch Tower |
| 25:08 | Queue | Villager (Male) |
| 25:11 | Build | Monastery |
| 25:12 | Queue | Villager (Male) |
Build order — Hera Da Gama
First 150 of 266 actions detected
| 0:00 | Queue | Villager (Male) |
| 0:01 | Queue | Villager (Male) |
| 0:01 | Queue | Villager (Male) |
| 0:02 | Build | House |
| 0:03 | Build | House |
| 0:11 | Queue | Villager (Male) |
| 0:19 | Build | Palisade Wall |
| 0:43 | Queue | Villager (Male) |
| 0:56 | Queue | Villager (Male) |
| 1:39 | Queue | Villager (Male) |
| 1:39 | Queue | Villager (Male) |
| 1:58 | Queue | Villager (Male) |
| 1:59 | Queue | Villager (Male) |
| 2:12 | Build | Lumber Camp |
| 2:25 | Queue | Villager (Male) |
| 2:52 | Queue | Villager (Male) |
| 3:19 | Queue | Villager (Male) |
| 3:20 | Queue | Villager (Male) |
| 3:56 | Queue | Villager (Male) |
| 3:56 | Queue | Villager (Male) |
| 4:02 | Build | House |
| 4:15 | Queue | Villager (Male) |
| 4:35 | Queue | Villager (Male) |
| 4:36 | Queue | Villager (Male) |
| 4:50 | Build | Dock |
| 4:55 | Queue | Villager (Male) |
| 5:33 | Queue | Villager (Male) |
| 5:49 | Queue | Villager (Male) |
| 5:50 | Queue | Fishing Ship |
| 5:55 | Build | House |
| 6:06 | Queue | Villager (Male) |
| 6:30 | Queue | Fishing Ship |
| 6:43 | Queue | Villager (Male) |
| 7:02 | Build | House |
| 7:04 | Queue | Villager (Male) |
| 7:17 | Queue | Fishing Ship |
| 7:27 | Queue | Villager (Male) |
| 7:46 | Build | Mill |
| 8:01 | Queue | Villager (Male) |
| 8:35 | Queue | Villager (Male) |
| 8:51 | Queue | Fishing Ship |
| 8:53 | Build | Mill |
| 9:00 | Queue | Villager (Male) |
| 9:25 | Queue | Villager (Male) |
| 9:27 | Queue | Fishing Ship |
| 9:29 | Build | House |
| 9:51 | Research | Feudal Age |
| 9:51 | Research | Feudal Age |
| 10:05 | Build | Mining Camp |
| 11:19 | Build | House |
| 11:32 | Build | House |
| 12:01 | Age | Feudal Age |
| 12:09 | Research | Loom |
| 12:20 | Build | Stone Wall |
| 12:21 | Build | Stone Wall |
| 12:28 | Queue | Villager (Male) |
| 12:31 | Build | Watch Tower |
| 12:54 | Queue | Villager (Male) |
| 13:06 | Build | Palisade Wall |
| 13:07 | Build | Palisade Wall |
| 13:07 | Build | Palisade Wall |
| 13:13 | Research | Double-Bit Axe |
| 13:14 | Research | Double-Bit Axe |
| 13:21 | Build | Market |
| 13:26 | Build | Blacksmith |
| 13:27 | Queue | Villager (Male) |
| 13:31 | Build | Fish Trap |
| 13:32 | Build | Fish Trap |
| 13:34 | Build | Fish Trap |
| 13:49 | Queue | Villager (Male) |
| 13:50 | Build | Palisade Wall |
| 13:52 | Build | Palisade Wall |
| 14:11 | Queue | Villager (Male) |
| 14:45 | Research | Castle Age |
| 14:46 | Research | Castle Age |
| 15:15 | Build | Mining Camp |
| 15:55 | Build | Fish Trap |
| 16:32 | Research | Fletching |
| 16:33 | Research | Fletching |
| 16:33 | Research | Fletching |
| 16:37 | Research | Gold Mining |
| 16:38 | Research | Gold Mining |
| 17:21 | Queue | Villager (Male) |
| 17:25 | Age | Castle Age |
| 17:30 | Build | House |
| 18:03 | Research | Bodkin Arrow |
| 18:03 | Research | Bodkin Arrow |
| 18:06 | Build | Farm |
| 18:07 | Build | Farm |
| 18:08 | Build | Farm |
| 18:09 | Build | Farm |
| 18:12 | Build | Farm |
| 18:12 | Build | Farm |
| 18:15 | Build | Farm |
| 18:49 | Build | Castle |
| 19:06 | Build | Lumber Camp |
| 19:18 | Queue | Villager (Male) |
| 19:18 | Queue | Villager (Male) |
| 19:23 | Build | Farm |
| 19:47 | Build | Farm |
| 19:49 | Queue | Villager (Male) |
| 19:49 | Queue | Villager (Male) |
| 19:54 | Build | House |
| 19:54 | Build | House |
| 20:00 | Research | Town Watch |
| 20:01 | Research | Town Watch |
| 20:01 | Research | Town Watch |
| 20:21 | Build | Farm |
| 20:22 | Build | Farm |
| 20:33 | Queue | Janissary |
| 20:43 | Build | Siege Workshop |
| 20:51 | Queue | Villager (Male) |
| 21:09 | Queue | Janissary |
| 21:17 | Build | Farm |
| 21:19 | Build | Farm |
| 21:31 | Queue | Battering Ram |
| 21:32 | Queue | Villager (Male) |
| 21:33 | Queue | Janissary |
| 21:44 | Queue | Villager (Male) |
| 21:52 | Queue | Janissary |
| 21:54 | Research | Padded Archer Armor |
| 21:54 | Research | Padded Archer Armor |
| 22:11 | Queue | Villager (Male) |
| 22:14 | Queue | Janissary |
| 22:18 | Build | Farm |
| 22:26 | Queue | Janissary |
| 22:27 | Queue | Villager (Male) |
| 22:33 | Build | Farm |
| 22:36 | Research | Horse Collar |
| 22:36 | Research | Horse Collar |
| 22:47 | Queue | Scorpion |
| 22:53 | Queue | Villager (Male) |
| 23:09 | Queue | Villager (Male) |
| 23:16 | Queue | Janissary |
| 23:18 | Build | Farm |
| 23:41 | Queue | Villager (Male) |
| 23:51 | Queue | Scorpion |
| 23:52 | Queue | Villager (Male) |
| 23:52 | Queue | Villager (Male) |
| 23:55 | Queue | Janissary |
| 24:01 | Build | Monastery |
| 24:04 | Build | Farm |
| 24:25 | Queue | Villager (Male) |
| 24:40 | Queue | Scorpion |
| 24:42 | Queue | Mangonel |
| 24:58 | Build | Town Center |
| 25:03 | Queue | Monk |
| 25:06 | Build | House |
| 25:10 | Queue | Villager (Male) |
| 25:19 | Research | Bow Saw |
Match timeline
| 0:19 | Hera Da Gama · wall_segment Palisade Wall x8 |
| 1:31 | UpsideDownCumbrian · wall_segment Palisade Wall x7 |
| 4:50 | Hera Da Gama · first_building Dock |
| 5:38 | UpsideDownCumbrian · first_building Dock |
| 8:29 | UpsideDownCumbrian · wall_segment Palisade Wall x1 |
| 8:34 | UpsideDownCumbrian · wall_segment Palisade Wall x1 |
| 10:27 | UpsideDownCumbrian · first_building Barracks |
| 11:22 | UpsideDownCumbrian · age_up feudal |
| 12:01 | Hera Da Gama · age_up feudal |
| 12:20 | Hera Da Gama · wall_segment Stone Wall x1 |
| 12:21 | Hera Da Gama · wall_segment Stone Wall x1 |
| 12:24 | UpsideDownCumbrian · first_building Archery Range |
| 13:06 | Hera Da Gama · wall_segment Palisade Wall x1 |
| 13:07 | Hera Da Gama · wall_segment Palisade Wall x1 |
| 13:07 | Hera Da Gama · wall_segment Palisade Wall x1 |
| 13:50 | Hera Da Gama · wall_segment Palisade Wall x1 |
| 13:52 | Hera Da Gama · wall_segment Palisade Wall x1 |
| 14:44 | Hera Da Gama · first_market_sell 100 food |
| 17:25 | Hera Da Gama · age_up castle |
| 18:49 | Hera Da Gama · first_building Castle |
| 19:03 | UpsideDownCumbrian · wall_segment Stone Wall x1 |
| 19:04 | UpsideDownCumbrian · wall_segment Stone Wall x1 |
| 19:05 | UpsideDownCumbrian · wall_segment Stone Wall x1 |
| 19:05 | UpsideDownCumbrian · wall_segment Stone Wall x1 |
| 19:05 | UpsideDownCumbrian · wall_segment Stone Wall x2 |
| 19:06 | UpsideDownCumbrian · wall_segment Stone Wall x1 |
| 20:43 | Hera Da Gama · first_building Siege Workshop |
| 21:50 | Hera Da Gama · first_market_buy 100 food |
| 22:03 | UpsideDownCumbrian · age_up castle |
| 22:30 | UpsideDownCumbrian · first_building Siege Workshop |
| 23:52 | UpsideDownCumbrian · wall_segment Stone Wall x5 |
| 24:01 | Hera Da Gama · first_building Monastery |
| 24:19 | UpsideDownCumbrian · wall_segment Stone Wall x1 |
| 24:57 | UpsideDownCumbrian · wall_segment Stone Wall x1 |
| 24:58 | UpsideDownCumbrian · wall_segment Stone Wall x1 |
| 24:58 | UpsideDownCumbrian · wall_segment Stone Wall x1 |
| 24:59 | UpsideDownCumbrian · wall_segment Stone Wall x1 |
| 25:00 | UpsideDownCumbrian · wall_segment Stone Wall x1 |
| 25:00 | UpsideDownCumbrian · wall_segment Stone Wall x1 |
| 25:00 | UpsideDownCumbrian · wall_segment Stone Wall x1 |
| 25:01 | UpsideDownCumbrian · wall_segment Stone Wall x1 |
| 25:11 | UpsideDownCumbrian · first_building Monastery |
| 30:58 | UpsideDownCumbrian · first_market_buy 100 stone |
| 31:52 | UpsideDownCumbrian · first_market_sell 100 food |
| 34:43 | Hera Da Gama · first_building Barracks |
| 35:42 | Hera Da Gama · first_building Stable |
| 37:02 | Hera Da Gama · age_up imperial |
| 37:55 | UpsideDownCumbrian · age_up imperial |
| 38:29 | UpsideDownCumbrian · resign |
[ AI ANALYSIS · 1 CREDIT ]
What really happened in this match?
Wolo.gg analyzes every decision: build order, eco, micro, common mistakes by bracket. Personalized analysis on WhatsApp or Discord in 30 seconds.
Civ guide
Burmese
Perfil
UpsideDownCumbrian